 Dungeon Crawl Stone Soup version 0.24-a0-412-ge138f7edaf (webtiles) character file.

Game seed: 13482445800598156601

521605 Kuinu the Slayer (level 24, -6/364 (367) HPs)
             Began as a Minotaur Berserker on June 6, 2019.
             Was the Champion of Trog.
             Killed from afar by a gelid black sun (11 damage)
             ... with a bolt of negative energy
             ... on level 12 of a ziggurat.
             The game lasted 02:18:27 (36373 turns).

Kuinu the Slayer (Minotaur Berserker)              Turns: 36373, Time: 02:18:28

HP:   -6/364 (367)  AC: 46    Str: 46    XL:     24   Next: 66%
MP:   0/31          EV: 27    Int:  7    God:    Trog [******]
Gold: 2085          SH:  0    Dex: 28    Spells: 23/23 levels left

rFire    + . .     SeeInvis +   T - +8 battleaxe "Copnuguc" {flame, rPois Str+3}
rCold    . . .     Gourm    .   (shield currently unavailable)
rNeg     + . .     Faith    .   B - +11 plate armour "Rovit" {*Drain rN+ Dex+5}
rPois    +         Spirit   +   m - +2 hat
rElec    .         Reflect  .   K - +2 cloak {rF+}
rCorr    .         Harm     .   Q - +1 pair of gloves "Ebliumuh" {Dex+5}
MR       +++..                  y - +0 pair of boots of Cafri {Regen+ MP+9 Stlth+}
Stlth    ..........             e - amulet "Kofrusin" {Spirit *Drain rPois SInv Stlth-}
HPRegen  1.50/turn              n - ring of Ephemeral Luck {*Drain MR+ AC+3 Dex+4}
MPRegen  0.22/turn              x - ring of Mistrust {rPois MR+ Str+4 Int+3}

@: berserking, weakened, studying Staves, drained, very quick
A: retaliatory headbutt, horns 2, see invisible, agile 1, regeneration 1, strong
1
}: 2/15 runes: decaying, serpentine
a: Berserk, Trog's Hand, Brothers in Arms, Renounce Religion


You were on level 12 of a ziggurat.
You worshipped Trog.
Trog was exalted by your worship.
You were hungry.

You visited 7 branches of the dungeon, and saw 38 of its levels.
You visited the Abyss 1 time.
You visited 1 bazaar.
You visited 1 ziggurat, and saw 12 of its levels.
You also visited: Bailey, Ice Cave and Volcano.

You collected 5637 gold pieces.
You spent 3552 gold pieces at shops.

Inventory:

Hand Weapons
 b - a +4 triple crossbow
 R - a +9 vampiric battleaxe
 T - the +8 battleaxe "Copnuguc" (weapon) {flame, rPois Str+3}
   (Trog gifted it to you on level 2 of the Swamp)

   It has been specially enchanted to burn those struck by it, causing extra
   injury to most foes and up to half again as much damage against particularly
   susceptible opponents.
   Big, fiery blades are also staple armaments of hydra-hunters.
   It affects your strength (+3).
   It protects you from poison.
Armour
 f - the +0 shield of Anarchy {rN++ MR+ Regen+ MP-9}
   (You found it on level 3 of a ziggurat)

   It greatly protects you from negative energy.
   It affects your resistance to hostile enchantments.
   It affects your magic capacity (-9).
   It increases your rate of regeneration.
 m - a +2 hat (worn)
 y - the +0 pair of boots of Cafri (worn) {Regen+ MP+9 Stlth+}
   (You found it on level 5 of the Depths)

   It affects your magic capacity (+9).
   It increases your rate of regeneration.
   It makes you more stealthy.
 B - the +11 plate armour "Rovit" (worn) {*Drain rN+ Dex+5}
   (You found it on level 2 of the Depths)

   It affects your dexterity (+5).
   It protects you from negative energy.
   It causes draining when unequipped.
 K - a +2 cloak of fire resistance (worn)
 Q - the +1 pair of gloves "Ebliumuh" (worn) {Dex+5}
   (You found it in an ice cave)

   It affects your dexterity (+5).
Jewellery
 e - the amulet "Kofrusin" (around neck) {Spirit *Drain rPois SInv Stlth-}
   (You found it on level 1 of the Vaults)

   [amulet of guardian spirit]

   It causes incoming damage to be split between your health and magic.
   It protects you from poison.
   It lets you see invisible.
   It causes draining when unequipped.
   It makes you less stealthy.
 n - the ring of Ephemeral Luck (left hand) {*Drain MR+ AC+3 Dex+4}
   (You acquired it on level 3 of the Lair of Beasts)

   [ring of protection]

   It affects your AC (+3).
   It affects your dexterity (+4).
   It affects your resistance to hostile enchantments.
   It causes draining when unequipped.
 o - the ring of Xoecer {+Fly Int+2 Dex+5 SInv Stlth-}
   (You found it on level 3 of the Depths)

   [ring of see invisible]

   It affects your intelligence (+2).
   It affects your dexterity (+5).
   It lets you see invisible.
   It lets you fly.
   It makes you less stealthy.
 x - the ring of Mistrust (right hand) {rPois MR+ Str+4 Int+3}
   (You found it on level 4 of the Depths)

   [ring of poison resistance]

   It affects your strength (+4).
   It affects your intelligence (+3).
   It protects you from poison.
   It affects your resistance to hostile enchantments.
 G - the ring "Ruclourgha" {*Drain rElec rN+ Str+5}
   (You found it on level 6 of a ziggurat)

   [ring of strength]

   It affects your strength (+5).
   It insulates you from electricity.
   It protects you from negative energy.
   It causes draining when unequipped.
 H - the ring of Okawaru's Delight {+Fly rElec MR+ AC+6 Str-4}
   (You bought it in a shop on level 2 of the Orcish Mines)

   [ring of protection]

   It affects your AC (+6).
   It affects your strength (-4).
   It insulates you from electricity.
   It affects your resistance to hostile enchantments.
   It lets you fly.
Wands
 a - a wand of digging (10)
 r - a wand of enslavement (7)
 s - a wand of clouds (10)
 D - a wand of polymorph (18)
 Y - a wand of disintegration (25)
Scrolls
 d - 2 scrolls of silence
 h - 13 scrolls of magic mapping
 k - 12 scrolls of immolation
 l - a scroll of summoning
 p - 26 scrolls of remove curse
 v - 13 scrolls of teleportation
 w - 5 scrolls of blinking
 z - 6 scrolls of enchant armour
 A - 2 scrolls of enchant weapon
 C - 5 scrolls of fear
 F - 19 scrolls of fog
 M - a scroll of holy word
 S - a scroll of brand weapon
Potions
 g - 2 potions of magic
 i - 5 potions of mutation
 j - 8 potions of haste
 t - 27 potions of curing
 E - 8 potions of agility
 I - 5 potions of lignification
 L - 2 potions of invisibility
 N - 6 potions of cancellation
 P - 5 potions of flight
 V - 7 potions of resistance
 W - 2 potions of berserk rage
 X - 6 potions of might
 Z - 5 potions of heal wounds
Books
 O - a manual of Staves
Miscellaneous
 q - a lamp of fire
Comestibles
 c - 64 rations
 J - 12 chunks of flesh


   Skills:
 * Level 25.9(24.9) Fighting
 * Level 25.9(24.8) Axes
 * Level 25.8(24.8) Armour
 + Level 18.3(17.4) Dodging


You had 23 spell levels left.
You didn't know any spells.
Your spell library was empty.

Dungeon Overview and Level Annotations

Branches:
Dungeon (15/15)            Temple (0/1) D:4            Lair (4/6) D:11
  Swamp (4/4) Lair:2        Snake (4/4) Lair:4          Orc (2/2) D:11
    Elf (0/3) Orc:2        Vaults (4/5) D:13          Crypt (0/3) Vaults:3
 Depths (5/5) D:15            Zot (0/5) Depths:5

Altars:
Ashenzari
Cheibriados
Fedhas
Makhleb
Nemelex Xobeh
Ru
Trog
Wu Jian
Xom
Zin

Shops:
Orc:2 =[(*?   Vaults:2 !:   Depths:1 =}=   Depths:3 }

Portals:
Hell: Depths:1 Depths:2 Depths:3 Depths:4 Depths:5
Abyss: Depths:1 Depths:4 Depths:5
Pandemonium: Depths:3 Depths:5

Annotations:
D:10 3 runed translucent doors, exclusion: ice statue
Snake:1 2 transporters, melvinkitnick's ghost, adept SpEn
Vaults:1 1 runed translucent door, PeterLawrence's ghost, adept MiFi
Depths:1 2 transporters, toftt's ghost, adept OpEn


Innate Abilities, Weirdness & Mutations

You reflexively headbutt those who attack you in melee.
You have a pair of horns on your head.
You have supernaturally acute eyesight. (SInv)
You are agile. (Dex +2)
Your natural rate of healing is unusually fast.
Your muscles are strong. (Str +2)


Message History

The monstrous black sun gores you!
* * * LOW HITPOINT WARNING * * *
You are too berserk!
Okay, then.
You completely miss the monstrous black sun.
You headbutt the monstrous black sun, but do no damage.
The monstrous black sun is lightly wounded.
You slash the gelid black sun! You burn the gelid black sun.
Unknown command.
You barely miss the gelid black sun. You headbutt the gelid black sun.
The gelid black sun is severely wounded.
You barely miss the monstrous black sun.
The monstrous black sun hits you.
* * * LOW HITPOINT WARNING * * *
You partially resist.
You feel drained.
The monstrous black sun closely misses you.
The monstrous black sun gores you but does no damage.
The gelid black sun calls down the wrath of Kikubaaqudgha upon you.
The bolt of negative energy hits you! You partially resist.
You feel drained.
You die...

▓▓▓▓▓▓▓▓▓▓▓ ▓.........▓
▓.........▓
▓▓▓▓▓▓▓.........▓▓▓▓▓▓▓
▓.....................▓
▓?:|..................▓
▓}?%=.6...............▓
▓∩[?!.[@..............▓
▓>}$}.6..............∩▓
▓∩:??6................▓
▓))?..................▓
▓.....................▓
▓.....................▓
▓▓▓▓▓▓▓.........▓▓▓▓▓▓▓
▓.........▓ ▓.........▓


You could see 3 demonspawn.

Vanquished Creatures
  Mennas (Vaults:2)
  A juggernaut (Zig:9)
  Boris (Depths:5)
  Xtahua (Depths:3)
  Bai Suzhen (Vaults:3)
  Saint Roka (Orc:2)
  8 caustic shrikes
  A profane servitor (Zig:11)
  Nikola (Vaults:3)
  2 golden dragons (Depths:5)
  Jory (Vaults:3)
  2 Tzitzimimeh (Zig:12)
  6 liches
  A deep elf master archer (Depths:4)
  A deep elf blademaster (Zig:10)
  A quicksilver dragon (Depths:4)
  2 acid blobs (Zig:8)
  An eldritch tentacle (Vaults:3)
  An ancient champion (Zig:11)
  Gastronok (D:9)
  4 shadow dragons (Depths:5)
  5 thorn hunters
  Frances (Snake:1)
  3 tengu reavers (Depths:4)
  A storm dragon (shapeshifter) (Depths:4)
  5 sphinxes
  3 storm dragons
  2 tentacled starspawn (Abyss:5)
  8 nagarajas
  2 revenants (Zig:11)
  6 fire giants
  2 draconian monks (Depths:5)
  2 iron dragons
  A ghost moth (Zig:2)
  7 frost giants
  A draconian knight (Zig:7)
  2 deep elf sorcerers
  10 vault wardens
  A draconian scorcher (Zig:7)
  Aizul (Swamp:1)
  A cacodemon (Depths:5)
  A curse skull (Zig:11)
  A black sun (Zig:12)
  2 ghouls
  An iron dragon (shapeshifter) (Depths:4)
  3 orc warlords
  2 draconian shifters (Zig:7)
  14 ironheart preservers
  3 war gargoyles
  12 stone giants
  A spriggan defender (Depths:3)
  A reaper (IceCv)
  A juggernaut skeleton (Depths:2)
  7 entropy weavers
  8 very ugly things
  4 lorocyprocas (Depths:4)
  3 deep elf demonologists (Zig:10)
  6 vampire knights
  2 white draconians (Zig:7)
  A red draconian (Depths:5)
  A dire elephant (Zig:4)
  The ghost of Yxadin the Nimble, a journeyman SpBe of Trog (Depths:5)
  15 spark wasps
  7 deep elf annihilators
  2 green deaths
  9 ettins
  2 yellow draconians
  A merfolk javelineer (Depths:3)
  4 crystal guardians
  2 merfolk impalers
  3 deep elf death magi (Zig:12)
  4 eidola
  3 jiangshi
  A blizzard demon (Abyss:5)
  11 yaktaur captains
  11 fire dragons
  Josephine (D:13)
  A deep elf high priest (Zig:10)
  5 great orbs of eyes
  8 vault guards
  12 centaur warriors
  9 spriggan air magi
  21 hydras
  A spectral sphinx (Zig:12)
  4 rakshasas
  11 anacondas
  8 ice dragons
  2 juggernaut simulacra (Depths:4)
  3 ghost crabs (Swamp:3)
  11 two-headed ogres
  5 death knights
  18 naga warriors
  2 shambling mangroves
  10 alligators
  12 dancing weapons
  11 ogre magi
  A death yak (Lair:4)
  5 tengu warriors
  A satyr (shapeshifter) (Depths:4)
  14 thrashing horrors
  7 deep troll earth magi
  Urug (D:11)
  8 spriggan berserkers
  4 deep troll shamans
  4 vampire magi
  4 orc high priests
  A hell hog (Abyss:5)
  7 shock serpents
  A spectral storm dragon (Zig:12)
  17 spriggans
  8 deep elf knights
  Nergalle (D:11)
  Sonja (Orc:2)
  12 naga sharpshooters
  3 soul eaters
  A wretched star (Abyss:5)
  3 iron trolls
  3 salamander mystics (Snake:4)
  9 skeletal warriors
  An unseen horror (D:13)
  2 shadow wraiths
  A sixfirhy (Depths:3)
  8 glowing orange brains
  25 deep trolls
  8 hell knights
  A spriggan druid (Swamp:4)
  An unseen horror (shapeshifter) (Vaults:2)
  12 deep elf archers
  7 swamp dragons
  9 flayed ghosts
  An infernal demonspawn (Depths:3)
  A torturous demonspawn (Depths:5)
  7 wizards
  7 naga ritualists
  20 ironbrand convokers
  A harpy (shapeshifter) (Depths:4)
  4 necromancers
  A mana viper (shapeshifter) (Depths:4)
  13 orc knights
  A wolf spider zombie (D:9)
  3 harpies (Vaults:3)
  10 deep elf magi
  4 phantasmal warriors
  3 orb spiders
  9 mana vipers
  A glowing shapeshifter (Depths:5)
  3 wolf spiders
  6 orc sorcerers
  A wolf spider (shapeshifter) (Depths:4)
  4 cyclopes (Vaults:2)
  A manticore (Zig:1)
  12 salamanders
  43 ugly things
  A cyclops (shapeshifter) (Vaults:2)
  7 moths of wrath
  A worldbinder (Depths:4)
  7 apocalypse crabs (Depths:2)
  17 vault sentinels
  3 guardian serpents (Snake:4)
  44 black mambas
  17 naga magi
  2 elephants (Lair:4)
  2 ice statues (IceCv)
  An eye of devastation (shapeshifter) (Vaults:4)
  3 eyes of devastation (Zig:8)
  2 orange demons
  A spectral elf (Zig:12)
  A spiny frog (shapeshifter) (Vaults:3)
  A torpor snail (Zig:5)
  12 spiny frogs
  4 gargoyles
  An efreet (Depths:4)
  A demonic crawler (Depths:2)
  3 kobold demonologists
  3 komodo dragons
  A rime drake (Lair:1)
  A spark wasp simulacrum (Depths:2)
  A spectral human (Zig:12)
  A hellwing (Depths:5)
  12 freezing wraiths
  72 yaktaurs
  4 tengu conjurers
  2 queen bees
  2 queen bees (shapeshifter)
  A troll (shapeshifter) (Vaults:4)
  A red devil (Depths:5)
  10 trolls
  3 meliai (Lair:4)
  8 tyrant leeches
  A meliai (shapeshifter) (Zig:10)
  5 jumping spiders (Vaults:3)
  9 ice devils
  A tengu simulacrum (Depths:2)
  24 slime creatures
  A hippogriff (shapeshifter) (Vaults:4)
  28 hornets
  11 blink frogs
  2 bog bodies
  2 raiju (shapeshifter)
  8 hippogriffs
  A stone giant simulacrum (Depths:2)
  2 flying skulls (Abyss:5)
  A centaur simulacrum (D:14)
  2 frost giant simulacra (Depths:2)
  15 water elementals
  Sigmund (D:6)
  2 shadows
  4 air elementals
  8 wraiths
  3 redbacks
  5 wyverns
  2 tarantellas
  2 yaks (shapeshifter)
  A human (shapeshifter) (Vaults:1)
  3 basilisks
  29 yaks
  Eustachio (D:6)
  4 golden eyes (Abyss:5)
  A chaos spawn (Abyss:5)
  A neqoxec (Abyss:5)
  9 vampire mosquitoes
  A steam dragon (Lair:4)
  2 large abominations (Abyss:5)
  59 nagas
  2 spatial vortices (Vaults:3)
  5 wargs
  15 swamp worms
  8 insubstantial wisps
  A soldier ant (D:11)
  A soldier ant (shapeshifter) (Vaults:3)
  Duvessa (D:4)
  4 acid dragons
  17 water moccasins
  7 porcupines
  A hornet zombie (D:13)
  15 swamp drakes
  2 ice beasts
  A sky beast (D:14)
  42 orc warriors
  5 black bears
  2 eyes of draining
  22 ogres
  A phantom (D:10)
  4 boggarts
  10 wolves
  8 crocodiles
  A crocodile (shapeshifter) (Depths:5)
  31 centaurs
  2 big kobolds (D:14)
  17 bullfrogs
  Dowan (D:4)
  A wyvern zombie (D:10)
  4 earth elementals
  A hornet simulacrum (D:14)
  10 scorpions
  2 human simulacra
  48 killer bees
  4 wights (D:7)
  9 howler monkeys
  A bullfrog zombie (D:11)
  3 crimson imps
  2 quasits
  4 centaur zombies
  2 gnoll shamans (D:5)
  3 jellies
  17 orc priests
  3 hounds (D:7)
  7 centaur skeletons
  23 orc wizards
  2 bullfrog skeletons
  Ijyb (D:4)
  4 worker ants
  A killer bee zombie (D:9)
  A hound zombie (D:6)
  A hound skeleton (D:9)
  Robin (D:4)
  A worker ant zombie (D:11)
  61 gnolls
  12 adders
  6 shadow imps
  22 white imps
  6 ufetubi
  An ooze (D:2)
  An adder zombie (D:6)
  5 worms
  A dart slug (D:1)
  5 leopard geckos
  98 orcs
  3 ball pythons (Snake:4)
  12 bats
  4 giant cockroaches
  13 goblins
  28 hobgoblins
  22 jackals
  21 kobolds
  4 quokkas
  A ball python skeleton (D:4)
  A ball python zombie (D:6)
  5 frilled lizards
  3 quokka zombies
  5 rats
  11 fungi
  4 plants
1996 creatures vanquished.

Vanquished Creatures (collateral kills)
  An ancient lich (Depths:3)
  A very ugly thing (Depths:5)
  A green draconian (Depths:5)
  A war gargoyle (Depths:3)
  A red draconian (Depths:5)
  A deep elf death mage (Vaults:3)
  A spriggan berserker (Depths:5)
  2 thrashing horrors (Abyss:5)
  An ironbrand convoker (Vaults:3)
  A hippogriff (D:11)
  A hungry ghost (D:11)
  A warg (Vaults:3)
  A boggart (Depths:3)
  An orc wizard (D:11)
  A fungus (Lair:3)
16 creatures vanquished.

Vanquished Creatures (others)
  A spriggan druid (Swamp:4)
  A hornet (Swamp:3)
  2 spriggans
  5 insubstantial wisps (Swamp:3)
  A naga (Snake:4)
  A boggart (Vaults:1)
  6 white imps (IceCv)
  3 ufetubi (IceCv)
  3 briar patches (Swamp:4)
  11 fungi
  A lurking horror (Abyss:5)
  A plant (Depths:1)
  5 starspawn tentacles (Abyss:5)
41 creatures vanquished.

Grand Total: 2053 creatures vanquished

Notes
Turn   | Place    | Note
-------+----------+-------------------------------------------
     0 | D:1      | Kuinu the Minotaur Berserker began the quest for the Orb.
     0 | D:1      | Reached XP level 1. HP: 19/19 MP: 0/0
   101 | D:1      | Reached XP level 2. HP: 25/27 MP: 1/1
   196 | D:1      | Found a shattered altar of Ashenzari.
   342 | D:1      | Reached XP level 3. HP: 33/33 MP: 2/2
   347 | D:1      | Reached ** piety under Trog
   379 | D:1      | You fall into a shaft and drop 1 floor!
   980 | D:2      | Found a shattered altar of Ashenzari.
  1676 | D:3      | Reached XP level 4. HP: 41/41 MP: 3/3
  2336 | D:4      | Found a glowing silver altar of Zin.
  2349 | D:4      | Reached skill level 5 in Axes
  2349 | D:4      | Reached XP level 5. HP: 30/47 MP: 4/4
  2350 | D:4      | Reached skill level 5 in Fighting
  2477 | D:4      | Found a shimmering altar of Xom.
  2477 | D:4      | Noticed an angel
  2599 | D:4      | Noticed Ijyb
  2633 | D:4      | Killed Ijyb
  2825 | D:4      | Noticed Robin
  2833 | D:4      | Reached *** piety under Trog
  2839 | D:4      | Reached XP level 6. HP: 47/56 MP: 5/5
  2843 | D:4      | Killed Robin
  2876 | D:4      | Found a staircase to the Ecumenical Temple.
  2876 | D:4      | Noticed Duvessa
  2876 | D:4      | Noticed Dowan
  2887 | D:4      | Killed Duvessa
  2889 | D:4      | Killed Dowan
  3103 | D:4      | Reached skill level 5 in Armour
  3275 | D:5      | Entered Level 5 of the Dungeon
  3382 | D:5      | Reached XP level 7. HP: 49/63 MP: 6/6
  3989 | D:5      | Reached **** piety under Trog
  4002 | D:5      | Reached XP level 8. HP: 51/73 MP: 7/7
  4859 | D:6      | Noticed Eustachio
  4880 | D:6      | Killed Eustachio
  4931 | D:6      | Noticed Sigmund
  4944 | D:6      | Killed Sigmund
  4944 | D:6      | Reached skill level 5 in Dodging
  5003 | D:6      | Reached XP level 9. HP: 70/82 MP: 8/8
  5065 | D:6      | You fall into a shaft and drop 1 floor!
  5240 | D:7      | Found a burning altar of Makhleb.
  5331 | D:7      | Found a blossoming altar of Fedhas.
  5676 | D:7      | Found an ornate altar of the Wu Jian Council.
  5999 | D:8      | Noticed a queen bee
  6014 | D:8      | Reached ***** piety under Trog
  6019 | D:8      | Killed a queen bee
  6272 | D:8      | Reached skill level 10 in Axes
  6272 | D:8      | Reached XP level 10. HP: 71/93 MP: 9/9
  6416 | D:8      | Reached skill level 10 in Fighting
  6925 | D:9      | Noticed Gastronok
  6945 | D:9      | Killed Gastronok
  6945 | D:9      | Reached skill level 10 in Armour
  7033 | D:9      | Found a sparkling altar of Nemelex Xobeh.
  7033 | D:9      | Found a snail-covered altar of Cheibriados.
  7457 | D:10     | Entered Level 10 of the Dungeon
  7596 | D:10     | Found a runed translucent door.
  7619 | D:10     | Found a runed translucent door.
  7632 | D:10     | Found a runed translucent door.
  7642 | D:10     | Found a runed translucent door.
  7719 | D:10     | Noticed a two-headed ogre
  7726 | D:10     | Killed a two-headed ogre
  7726 | D:10     | Reached XP level 11. HP: 102/102 MP: 10/10
  8558 | D:11     | Received a gift from Trog
  8562 | D:11     | Noticed Urug
  8580 | D:11     | Killed Urug
  8602 | D:11     | Noticed Nergalle
  8607 | D:11     | Noticed a spectral orc warlord
  8616 | D:11     | Killed Nergalle
  8630 | D:11     | Noticed a red ugly thing
  8635 | D:11     | Killed a red ugly thing
  8758 | D:11     | Found a staircase to the Lair.
  8791 | D:11     | Noticed a two-headed ogre
  8795 | D:11     | Killed a two-headed ogre
  8881 | D:11     | Found a staircase to the Orcish Mines.
  9004 | D:11     | Noticed a five-headed hydra
  9012 | D:11     | Killed a seven-headed hydra
  9321 | D:12     | Reached XP level 12. HP: 112/113 MP: 11/11
  9447 | D:12     | Received a gift from Trog
  9836 | D:13     | Noticed Josephine
  9847 | D:13     | Killed Josephine
  9943 | D:13     | Found a gate to the Vaults.
 10711 | D:14     | Noticed a four-headed hydra
 10724 | D:14     | Killed an 11-headed hydra
 10724 | D:14     | Reached XP level 13. HP: 98/124 MP: 12/12
 11029 | D:15     | Entered Level 15 of the Dungeon
 11490 | D:15     | Found a staircase to the Depths.
 12192 | Lair:1   | Entered Level 1 of the Lair of Beasts
 12848 | Lair:2   | Reached skill level 10 in Dodging
 12882 | Lair:2   | Found a staircase to the Swamp.
 12900 | Lair:2   | Received a gift from Trog
 13670 | Lair:3   | Reached skill level 15 in Fighting
 13670 | Lair:3   | Reached skill level 15 in Axes
 13937 | Lair:3   | Identified 2 scrolls of acquirement
 13941 | Lair:3   | Got a slimy plate armour
 13952 | Lair:3   | Identified the +8 plate armour "Zicwohad" {rN+ Str+5} (You
                  | acquired it on level 3 of the Lair of Beasts)
 13954 | Lair:3   | Got a translucent turquoise ring
 13956 | Lair:3   | Identified the ring of Ephemeral Luck {*Drain MR+ AC+3
                  | Dex+4} (You acquired it on level 3 of the Lair of Beasts)
 14403 | Lair:4   | Found a dark tunnel.
 14408 | Volcano  | Entered a volcano
 14433 | Volcano  | Reached ****** piety under Trog
 14433 | Volcano  | Reached skill level 15 in Armour
 14733 | Lair:4   | Received a gift from Trog
 14740 | Lair:4   | Reached XP level 14. HP: 135/135 MP: 13/13
 14918 | Lair:4   | Found a frozen archway.
 14932 | IceCv    | Entered an ice cave
 15193 | IceCv    | Got a pair of scorched gloves
 15206 | IceCv    | Identified the +1 pair of gloves "Ebliumuh" {Dex+5} (You
                  | found it in an ice cave)
 15338 | IceCv    | Noticed a reaper
 15349 | IceCv    | Killed a reaper
 15758 | Lair:4   | Found a staircase to the Snake Pit.
 16298 | Orc:1    | Entered Level 1 of the Orcish Mines
 16308 | Orc:1    | Received a gift from Trog
 16500 | Orc:1    | Found a flagged portal.
 16531 | Bailey   | Entered a bailey
 16893 | Orc:1    | You fall into a shaft and drop 1 floor!
 16893 | Orc:2    | Entered Level 2 of the Orcish Mines
 16969 | Orc:2    | Found a staircase to the Elven Halls.
 17031 | Orc:2    | Noticed a stone giant
 17037 | Orc:2    | Found Wumasich's Antique Weapon Boutique.
 17044 | Orc:2    | Killed a stone giant
 17047 | Orc:2    | Received a gift from Trog
 17053 | Orc:2    | Noticed an orc warlord
 17054 | Orc:2    | Noticed Saint Roka
 17057 | Orc:2    | Noticed Sonja
 17065 | Orc:2    | Killed an orc warlord
 17081 | Orc:2    | Killed Sonja
 17082 | Orc:2    | Killed Saint Roka
 17235 | Orc:2    | Found Wygu's General Store.
 17289 | Orc:2    | Found Vicha's Antique Armour Shop.
 17347 | Orc:2    | Found Xizopog's Jewellery Boutique.
 17364 | Orc:2    | Reached XP level 15. HP: 145/145 MP: 14/14
 17378 | Orc:2    | Bought the ring of Okawaru's Delight {+Fly rElec MR+ AC+6
                  | Str-4} for 1095 gold pieces
 17483 | Orc:2    | Found Hezac's Magic Scroll Shop.
 17494 | Orc:2    | Bought a scroll of identify for 26 gold pieces
 17494 | Orc:2    | Bought a scroll of identify for 26 gold pieces
 17494 | Orc:2    | Bought a scroll of identify for 26 gold pieces
 17494 | Orc:2    | Bought a scroll of identify for 26 gold pieces
 17498 | Orc:2    | Reached XP level 16. HP: 154/154 MP: 15/15
 17798 | Swamp:1  | Entered Level 1 of the Swamp
 18010 | Swamp:1  | Noticed Aizul
 18029 | Swamp:1  | Killed Aizul
 18677 | Swamp:2  | Received a gift from Trog
 18685 | Swamp:2  | Got a translucent battleaxe {god gift}
 18686 | Swamp:2  | Identified the +8 battleaxe "Copnuguc" {flame, rPois Str+3}
                  | (Trog gifted it to you on level 2 of the Swamp)
 19164 | Swamp:3  | Noticed a thorn hunter
 19173 | Swamp:3  | Killed a thorn hunter
 19788 | Swamp:4  | Entered Level 4 of the Swamp
 19808 | Swamp:4  | Noticed a thorn hunter
 19820 | Swamp:4  | Received a gift from Trog
 19821 | Swamp:4  | Killed a thorn hunter
 19821 | Swamp:4  | Noticed a thorn hunter
 19846 | Swamp:4  | Noticed a thorn hunter
 19881 | Swamp:4  | Killed a thorn hunter
 19921 | Swamp:4  | Killed a thorn hunter
 20136 | Swamp:4  | Noticed a thorn hunter
 20152 | Swamp:4  | Killed a thorn hunter
 20211 | Swamp:4  | Reached XP level 17. HP: 134/165 MP: 16/16
 20239 | Swamp:4  | Got a decaying rune of Zot
 20764 | Vaults:1 | Entered Level 1 of the Vaults
 21154 | Vaults:1 | Got a smoking emerald amulet
 21155 | Vaults:1 | Identified the amulet "Kofrusin" {Spirit *Drain rPois SInv
                  | Stlth-} (You found it on level 1 of the Vaults)
 21223 | Vaults:1 | Found a runed translucent door.
 21223 | Vaults:1 | Found a shimmering altar of Xom.
 21223 | Vaults:1 | Noticed PeterLawrence's ghost (adept MiFi)
 21244 | Vaults:1 | Received a gift from Trog
 22079 | Vaults:2 | Found Tahoypt's Book Shop.
 22197 | Vaults:2 | Received a gift from Trog
 22447 | Vaults:2 | Reached XP level 18. HP: 176/176 MP: 17/17
 22707 | Vaults:2 | Identified the +9 arbalest of Fortitude {speed, rElec MR+}
 22940 | Vaults:2 | Received a gift from Trog
 23427 | Vaults:2 | Found Zirah's Distillery.
 23444 | Vaults:2 | Bought a potion of curing for 48 gold pieces
 23444 | Vaults:2 | Bought a potion of curing for 48 gold pieces
 23662 | Vaults:3 | Received a gift from Trog
 23765 | Vaults:3 | Noticed Mennas
 23854 | Vaults:2 | Killed Mennas
 24259 | Vaults:3 | Noticed Nikola
 24282 | Vaults:3 | Killed Nikola
 24282 | Vaults:3 | Reached XP level 19. HP: 123/187 MP: 12/18
 24317 | Vaults:3 | Noticed Bai Suzhen
 24330 | Vaults:3 | Killed Bai Suzhen
 24657 | Vaults:3 | Received a gift from Trog
 24662 | Vaults:3 | Noticed Jory
 24671 | Vaults:3 | Killed Jory
 24899 | Vaults:3 | Identified the Incunabulum of Displacement
 24900 | Vaults:3 | Got a smoking falchion
 24901 | Vaults:3 | Identified the +2 falchion of Fustod {flame, rF+ Str-2
                  | Dex+7} (You found it on level 3 of the Vaults)
 25140 | Vaults:3 | Found a staircase to the Crypt.
 25215 | Vaults:3 | You fall into a shaft and drop 1 floor!
 25613 | Vaults:4 | Received a gift from Trog
 26337 | Vaults:4 | Reached skill level 15 in Dodging
 26692 | Depths:1 | Entered Level 1 of the Depths
 26703 | Depths:1 | Reached XP level 20. HP: 198/198 MP: 17/19
 26713 | Depths:1 | Received a gift from Trog
 26739 | Depths:1 | Lost intelligence.
 26913 | Depths:1 | Found a one-way gate to the infinite horrors of the Abyss.
 26913 | Depths:1 | Found a sacrificial altar of Ru.
 26913 | Depths:1 | Identified the +5 lajatang "Poryt" {holy, rF+}
 26914 | Depths:1 | Noticed a juggernaut
 26915 | Depths:1 | Noticed toftt's ghost (adept OpEn)
 26918 | Depths:1 | Found a transporter.
 26920 | Depths:1 | Found a transporter.
 26951 | Depths:1 | Found Xubyjeos's Jewellery Shop.
 26952 | Depths:1 | Found Bewo's Gadget Shoppe.
 26953 | Depths:1 | Found Ryadwump's Jewellery Shop.
 27464 | Depths:1 | Found a bloodstained altar of Trog.
 27476 | Depths:1 | Identified the +4 quick blade of Xisabeh {drain, Str-3
                  | Dex+7}
 27508 | Depths:1 | Found a gateway to Hell.
 27753 | Depths:2 | Received a gift from Trog
 27852 | Depths:2 | Found a gateway to a ziggurat.
 28237 | Depths:2 | Got a slimy plate armour
 28246 | Depths:2 | Identified the +11 plate armour "Rovit" {*Drain rN+ Dex+5}
                  | (You found it on level 2 of the Depths)
 28464 | Depths:3 | Reached XP level 21. HP: 170/209 MP: 11/20
 28472 | Depths:3 | Received a gift from Trog
 29098 | Depths:3 | Found Nezxasae's Gadget Boutique.
 29133 | Depths:3 | Noticed Xtahua
 29151 | Depths:3 | Killed Xtahua
 29265 | Depths:3 | Found a one-way gate leading to the halls of Pandemonium.
 30074 | Depths:3 | Noticed an ancient lich
 30083 | Depths:3 | Killed an ancient lich
 30083 | Depths:3 | Received a gift from Trog
 30101 | Depths:3 | Got a clouded wooden ring
 30110 | Depths:3 | Got a heavily runed plate armour
 30111 | Depths:3 | Identified the cursed +1 plate armour "Nairysku" {Int+4}
                  | (You found it on level 3 of the Depths)
 30112 | Depths:3 | Identified the ring of Xoecer {+Fly Int+2 Dex+5 SInv
                  | Stlth-} (You found it on level 3 of the Depths)
 30730 | Depths:4 | Gained mutation: You are frail. (-10% HP) [a shining eye]
 30731 | Depths:4 | Gained mutation: Armour fits poorly on your strangely
                  | shaped body. [a shining eye]
 30733 | Depths:4 | Gained mutation: You are dopey. (Int -2) [a shining eye]
 30756 | Depths:4 | Received a gift from Trog
 30763 | Depths:4 | Cast into level 4 of the Abyss (a distortion unwield)
 30785 | Abyss:5  | Entered Level 5 of the Abyss
 30785 | Abyss:5  | Entered Level 5 of the Abyss
 30875 | Abyss:5  | Reached XP level 22. HP: 132/198 MP: 18/21
 30903 | Abyss:5  | Lost intelligence.
 30927 | Depths:4 | Escaped the Abyss
 30934 | Depths:4 | Lost mutation: Armour fits poorly on your strangely shaped
                  | body. [potion of mutation]
 30934 | Depths:4 | Lost mutation: You are frail. (-10% HP) [potion of
                  | mutation]
 30934 | Depths:4 | Lost mutation: You are dopey. (Int -2) [potion of mutation]
 30934 | Depths:4 | Gained mutation: Your body sometimes deteriorates upon
                  | taking damage. [potion of mutation]
 30934 | Depths:4 | Gained mutation: Your muscles are strong. (Str +2) [potion
                  | of mutation]
 30935 | Depths:4 | Lost mutation: Your body sometimes deteriorates upon taking
                  | damage. [potion of mutation]
 30935 | Depths:4 | Lost mutation: Your muscles are strong. (Str +2) [potion of
                  | mutation]
 30935 | Depths:4 | Gained mutation: You have supernaturally acute eyesight.
                  | (SInv) [potion of mutation]
 30935 | Depths:4 | Gained mutation: Armour fits poorly on your strangely
                  | shaped body. [potion of mutation]
 30935 | Depths:4 | Gained mutation: You are partially covered in icy blue
                  | scales. (AC +2) [potion of mutation]
 30936 | Depths:4 | Lost mutation: You are partially covered in icy blue
                  | scales. (AC +2) [potion of mutation]
 30936 | Depths:4 | Lost mutation: Armour fits poorly on your strangely shaped
                  | body. [potion of mutation]
 30936 | Depths:4 | Gained mutation: You are partially covered in molten
                  | scales. (AC +2) [potion of mutation]
 30936 | Depths:4 | Gained mutation: Your body sometimes deteriorates upon
                  | taking damage. [potion of mutation]
 30936 | Depths:4 | Gained mutation: You possess an exceptional clarity of
                  | mind. [potion of mutation]
 30937 | Depths:4 | Lost mutation: Your body sometimes deteriorates upon taking
                  | damage. [potion of mutation]
 30937 | Depths:4 | Lost mutation: You are partially covered in molten scales.
                  | (AC +2) [potion of mutation]
 30937 | Depths:4 | Lost mutation: You possess an exceptional clarity of mind.
                  | [potion of mutation]
 30937 | Depths:4 | Gained mutation: Your natural rate of healing is unusually
                  | fast. [potion of mutation]
 30937 | Depths:4 | Gained mutation: You are agile. (Dex +2) [potion of
                  | mutation]
 30937 | Depths:4 | Gained mutation: Your muscles are strong. (Str +2) [potion
                  | of mutation]
 31194 | Depths:4 | Got a transparent iron ring
 31196 | Depths:4 | Identified the ring of Mistrust {rPois MR+ Str+4 Int+3}
                  | (You found it on level 4 of the Depths)
 31239 | Depths:5 | Entered Level 5 of the Depths
 31261 | Depths:5 | Noticed Boris
 31280 | Depths:5 | Killed Boris
 31290 | Depths:5 | Received a gift from Trog
 31367 | Depths:5 | Found a transporter.
 31402 | Depths:5 | Noticed a caustic shrike
 31403 | Depths:5 | Found a transporter.
 31407 | Depths:5 | Noticed Yxadin's ghost (journeyman SpBe)
 31407 | Depths:5 | Noticed a caustic shrike
 31542 | Depths:5 | Killed a caustic shrike
 31546 | Depths:5 | Killed a caustic shrike
 31565 | Depths:5 | Killed Yxadin's ghost
 31612 | Depths:5 | Got a pair of polished boots
 31614 | Depths:5 | Got a pair of transparent boots
 31625 | Depths:5 | Identified the cursed +0 pair of boots of Cafri {Regen+
                  | MP+9 Stlth+} (You found it on level 5 of the Depths)
 31636 | Depths:5 | Identified the +1 pair of boots of the Harvest {Str+8} (You
                  | found it on level 5 of the Depths)
 31881 | Depths:5 | Received a gift from Trog
 31889 | Depths:5 | Noticed a caustic shrike
 31892 | Depths:5 | Noticed a caustic shrike
 31893 | Depths:5 | Noticed a caustic shrike
 31895 | Depths:5 | Noticed a caustic shrike
 31897 | Depths:5 | Killed a caustic shrike
 31902 | Depths:5 | Killed a caustic shrike
 31911 | Depths:5 | Killed a caustic shrike
 31916 | Depths:5 | Killed a caustic shrike
 32103 | Depths:5 | Noticed a golden dragon
 32115 | Depths:5 | Killed a golden dragon
 32115 | Depths:5 | Reached XP level 23. HP: 231/231 MP: 22/22
 32195 | Depths:5 | Found a gate to the Realm of Zot.
 32676 | Snake:1  | Entered Level 1 of the Snake Pit
 32700 | Snake:1  | Noticed melvinkitnick's ghost (adept SpEn)
 32705 | Snake:1  | Found a transporter.
 32713 | Snake:1  | Found a transporter.
 32725 | Snake:1  | Found a burning altar of Makhleb.
 32754 | Snake:1  | Noticed Frances
 32762 | Snake:1  | Killed Frances
 32773 | Snake:1  | You fall into a shaft and drop 1 floor!
 32934 | Snake:2  | Found an ornate altar of the Wu Jian Council.
 33196 | Snake:2  | Received a gift from Trog
 34283 | Snake:4  | Entered Level 4 of the Snake Pit
 34292 | Snake:4  | Received a gift from Trog
 34353 | Snake:4  | Received a gift from Trog
 34710 | Snake:4  | Received a gift from Trog
 34786 | Snake:4  | Found a runed translucent gate.
 34786 | Snake:4  | Found a runed translucent gate.
 34786 | Snake:4  | Found a runed translucent gate.
 34929 | Snake:4  | Got a serpentine rune of Zot
 35087 | Snake:4  | Found a flickering gateway to a bazaar.
 35093 | Bazaar   | Entered a bazaar
 35093 | Bazaar   | Found Ocadivust's Food Shop.
 35093 | Bazaar   | Found Pyda's Distillery.
 35093 | Bazaar   | Found Caasoa Amefe's Distillery.
 35093 | Bazaar   | Found Mish's Distillery.
 35096 | Bazaar   | Bought a potion of curing for 48 gold pieces
 35096 | Bazaar   | Bought a potion of might for 64 gold pieces
 35096 | Bazaar   | Bought a potion of might for 64 gold pieces
 35096 | Bazaar   | Bought a potion of heal wounds for 80 gold pieces
 35096 | Bazaar   | Bought 2 potions of curing for 96 gold pieces
 35096 | Bazaar   | Bought a potion of curing for 48 gold pieces
 35096 | Bazaar   | Bought a potion of heal wounds for 80 gold pieces
 35096 | Bazaar   | Bought a potion of haste for 160 gold pieces
 35104 | Bazaar   | Bought a ration for 40 gold pieces
 35104 | Bazaar   | Bought a ration for 40 gold pieces
 35104 | Bazaar   | Bought a ration for 40 gold pieces
 35104 | Bazaar   | Bought a ration for 40 gold pieces
 35104 | Bazaar   | Bought a ration for 40 gold pieces
 35104 | Bazaar   | Bought a ration for 40 gold pieces
 35104 | Bazaar   | Bought a ration for 40 gold pieces
 35104 | Bazaar   | Bought a ration for 40 gold pieces
 35106 | Bazaar   | Bought a potion of flight for 36 gold pieces
 35106 | Bazaar   | Bought a potion of heal wounds for 60 gold pieces
 35106 | Bazaar   | Bought a potion of flight for 36 gold pieces
 35106 | Bazaar   | Bought a potion of resistance for 120 gold pieces
 35110 | Bazaar   | Bought a potion of might for 76 gold pieces
 35110 | Bazaar   | Bought a potion of curing for 57 gold pieces
 35110 | Bazaar   | Bought a potion of curing for 57 gold pieces
 35110 | Bazaar   | Bought a potion of curing for 57 gold pieces
 35110 | Bazaar   | Bought a potion of haste for 190 gold pieces
 35110 | Bazaar   | Bought a potion of agility for 76 gold pieces
 35110 | Bazaar   | Bought a potion of haste for 190 gold pieces
 35110 | Bazaar   | Bought 2 potions of agility for 152 gold pieces
 35110 | Bazaar   | Bought a potion of haste for 190 gold pieces
 35640 | Zig:1    | Entered Level 1 of a ziggurat
 35658 | Zig:2    | Entered Level 2 of a ziggurat
 35727 | Zig:3    | Entered Level 3 of a ziggurat
 35731 | Zig:3    | Noticed a caustic shrike
 35735 | Zig:3    | Killed a caustic shrike
 35753 | Zig:3    | Got a scorched shield
 35757 | Zig:3    | Identified the +0 shield of Anarchy {rN++ MR+ Regen+ MP-9}
                  | (You found it on level 3 of a ziggurat)
 35763 | Zig:4    | Entered Level 4 of a ziggurat
 35765 | Zig:4    | Noticed a caustic shrike
 35772 | Zig:4    | Killed a caustic shrike
 35772 | Zig:4    | Reached XP level 24. HP: 243/243 MP: 22/22
 35788 | Zig:4    | Identified the Reference Book on Quantum Transmigration
 35793 | Zig:5    | Entered Level 5 of a ziggurat
 35845 | Zig:5    | Got a slimy shortbow
 35846 | Zig:5    | Identified the +5 shortbow of Callousness {flame, Str+4}
                  | (You found it on level 5 of a ziggurat)
 35861 | Zig:6    | Entered Level 6 of a ziggurat
 35878 | Zig:6    | Received a gift from Trog
 35903 | Zig:6    | Got a translucent granite ring
 35914 | Zig:6    | Identified the ring "Ruclourgha" {*Drain rElec rN+ Str+5}
                  | (You found it on level 6 of a ziggurat)
 35918 | Zig:7    | Entered Level 7 of a ziggurat
 35950 | Zig:7    | Got a pitted ivory amulet
 35971 | Zig:7    | Identified the amulet "Cozuor" {Inacc *Contam rPois Stlth+}
                  | (You found it on level 7 of a ziggurat)
 35974 | Zig:8    | Entered Level 8 of a ziggurat
 36014 | Zig:8    | Got a pair of encrusted boots
 36025 | Zig:8    | Identified the -3 pair of boots of Wiowkar {+Blink MP+9
                  | Int+4} (You found it on level 8 of a ziggurat)
 36038 | Zig:9    | Entered Level 9 of a ziggurat
 36047 | Zig:9    | Noticed a juggernaut
 36053 | Zig:9    | Killed a juggernaut
 36097 | Zig:9    | Identified the Volume of the Rocks and Air
 36109 | Zig:9    | Got a smoking scale mail
 36110 | Zig:9    | Identified the cursed +1 scale mail of Ycvot {Str+2} (You
                  | found it on level 9 of a ziggurat)
 36115 | Zig:10   | Entered Level 10 of a ziggurat
 36187 | Zig:10   | Got a scorched quarterstaff
 36222 | Zig:10   | Identified the cursed +3 quarterstaff of Instinct {venom,
                  | rPois} (You found it on level 10 of a ziggurat)
 36232 | Zig:11   | Entered Level 11 of a ziggurat
 36267 | Zig:11   | Received a gift from Trog
 36321 | Zig:11   | Got an ancient battleaxe
 36322 | Zig:11   | Identified the +5 battleaxe of Virtue {venom, *Corrode MR+
                  | Str+2} (You found it on level 11 of a ziggurat)
 36342 | Zig:12   | Entered Level 12 of a ziggurat
 36371 | Zig:12   | HP: 18/364 [monstrous black sun (7)]
 36371 | Zig:12   | HP: 7/364 [monstrous black sun (11)]
 36373 | Zig:12   | Killed from afar by a gelid black sun

Levels and vault maps discovered:
D:1:      nicolae_arrival_memento_mori, layout_basic, evilmike_ruin_ashenzari
D:2:      layout_basic, nicolae_overflow_hidden_temple, serial_co_window_serial,
          co_window_corner_a, co_window_paths_a, co_window_paths_a,
          co_window_paths_a, co_window_paths_b, co_window_corner_a,
          co_window_cross_1, co_window_unsneaky_path_a,
          co_window_unsneaky_path_e, co_window_corner_b,
          co_window_unsneaky_path_a, co_window_4corner_b, co_window_paths_e,
          glass_columns_a
D:3:      layout_loops_ring, first_ration
D:4:      layout_basic, grunt_temple_overflow_order_and_chaos_1,
          minmay_temple_entry_glassed_door, uniq_duvessa, uniq_robin, uniq_ijyb
D:5:      lemuel_castle_with_subvaults [lemuel_castle_interior_original],
          layout_loops_ring
D:6:      layout_basic, ebering_ghost_inner_flame, uniq_menkaure,
          uniq_eustachio, uniq_sigmund
D:7:      layout_gridville, lemuel_crystal_altar, overflow_temple_1_default,
          bloody_makhleb
D:8:      old_forge, layout_cave_pods, david_nohive_1
D:9:      layout_roguey, gammafunk_temple_overflow_elements, uniq_gastronok
D:10:     layout_stronghold, minmay_statue_crystal_thing
D:11:     layout_basic, due_lair_maze_entry_diamond, uniq_nergalle, uniq_urug
D:12:     layout_cave_pools
D:13:     layout_long_grid, erik_vaults_1, uniq_josephine
D:14:     layout_loops_cross, columned_hall_lemuel
D:15:     grunt_enter_depths_hoard, layout_basic, serial_curves, eino_curves_01,
          eino_curves_01, eino_curves_02, eino_curves_03
Lair:1:   layout_loops_ring
Lair:2:   layout_big_grid, swamp_mist_pool
Lair:3:   layout_small_grid
Lair:4:   regret_index_tunnel_blossom, layout_small_grid,
          minmay_snake_entry_guardpost_medium, portal_ice_cave_entry_imps,
          enter_volcano_4
Swamp:1:  layout_basic_swamp, infiniplex_staircase_pool, uniq_aizul
Swamp:2:  layout_basic_swamp, serial_swamp_ruin, evilmike_swamp_ruin_rubble_2,
          evilmike_swamp_ruin_house_2, evilmike_swamp_ruin_house_6
Swamp:3:  layout_basic_swamp, hangedman_swamp_ruin_wall
Swamp:4:  swamp, layout_basic_swamp, swamp_pool3
Snake:1:  layout_rooms, basic_altar, gammafunk_ghost_arena, uniq_frances
Snake:2:  layout_layer_cave, basic_altar, drop_trap, hangedman_corner_corridor
Snake:3:  layout_basic, grunt_ministairs_9
Snake:4:  minmay_snake_end_coiled, layout_rooms, serial_shops, bzr_entry_safe,
          nicolae_snake_horde_hoard
Orc:1:    layout_caves, serial_shops, enter_bailey_6
Orc:2:    grunt_orc_gardens, layout_caves, grunt_orc_garden, grunt_orc_garden,
          grunt_orc_garden, grunt_orc_garden, serial_shops, shop,
          uniq_saint_roka, uniq_sonja
Vaults:1: ebering_vaults_ghost_xom, nicolae_vaults_arrows,
          hangedman_vaults_trim, vaults_standard_mumra_enter_the_diamond,
          v_misc_22, v_rooms_6, nicolae_vaults_theta,
          vaults_standard_mumra_lines, vaults_dpeg_cross,
          ontoclasm_vaults_hangar, nicolae_vaults_three_branches,
          layout_vaults_maze_bifur
Vaults:2: vaults_room_mumra_shop_pool, nicolae_vaults_triangles, v_misc_12,
          st_eye, hangedman_vaults_unwind, nicolae_vaults_yaktaur_gun_rack,
          v_alt_pattern_5, hangedman_vaults_locks,
          nicolae_vaults_little_squares_6, nicolae_vaults_little_squares_6,
          ontoclasm_vaults_twist, grunt_vaults_hallway_short,
          layout_vaults_omnicross, serial_shops, shop
Vaults:3: minmay_crypt_entry_simple_walls,
          vaults_standard_mumra_enter_the_diamond, vaults_dpeg_spiral,
          nicolae_vaults_mini_display_case, ontoclasm_vaults_tryst,
          hangedman_vaults_stretched_pinwheel, v_misc_33, v_rooms_5,
          vaults_room_pool, ontoclasm_vaults_eye, vaults_room_hallway,
          vaults_room_corners, nicolae_vaults_little_squares_6,
          nicolae_vaults_little_ls, vaults_dpeg_ring, vaults_room_fancy_cross,
          layout_vaults_omnibox, serial_hangedman_research,
          hangedman_research_quantum, hangedman_research_probablistics,
          uniq_nikola, uniq_bai_suzhen, uniq_jory, uniq_mennas
Vaults:4: v_misc_27, hangedman_vaults_cutoff, vaults_mumra_minichess_inversion,
          nicolae_vaults_alarming, st_lattice, nicolae_vaults_asterisk,
          vaults_mumra_hex, dpeg_vaults_monster_box, layout_vaults_omnigrid
Depths:1: layout_long_grid, nicolae_lava_and_water,
          gammafunk_ghost_wrathful_warriors, abyss_entry_small_statue_room,
          hangedman_tar_grid_catacomb, drop_trap, st_stairs_5,
          lemuel_statue_altar, minmay_shop_grove, serial_bayou_shore_b,
          serial_bayou_shore_b, serial_bayou_shore_b
Depths:2: gammafunk_mikee_crab_dinner, layout_cave_pools, enter_ziggurat_b,
          hell_entry, serial_bayou_pond_d, uniq_mara
Depths:3: constructs_gauntlet_mu_hangedman, layout_basic, hell_entry,
          minmay_crystal_water, serial_shops, nicolae_shop_stone,
          grunt_pan_entry_zigzag, serial_bayou_shore_b, uniq_xtahua
Depths:4: hangedman_crystal_crosses_colossus [crystal_crosses_arms_four,
          crystal_crosses_arms_two, crystal_crosses_arms_one,
          crystal_crosses_arms_one], hell_entry, abyss_entry
Depths:5: evilmike_zot_entry_hall, layout_small_grid, serial_bayou_pond_e,
          abyss_entry, gammafunk_ghost_berserking_beasts, hell_entry,
          rand_demon_pan_entry_9, uniq_boris
Zig:12

Skill      XL: |  1  2  3  4  5  6  7  8  9 10 11 12 13 14 15 16 17 18 19 20 21 22 23 24 |
---------------+-------------------------------------------------------------------------+-----
Fighting       | 4 5 6 7 8 9 11 12 14 15 16 18 19 20 21 22 23 24 25 | 25.9
Axes           | 4 5 6 7 8 10 11 12 14 15 16 18 19 20 21 22 23 24 25 | 25.9
Armour         | 3 4 5 6 7 9 11 12 13 15 16 18 19 20 21 22 23 24 25 | 25.8
Dodging        | 3 4 5 6 7 8 9 10 11 12 13 14 15 16 17 18 | 18.3

Action                   |  1- 3 |  4- 6 |  7- 9 | 10-12 | 13-15 | 16-18 | 19-21 | 22-24 || total
-------------------------+-------+-------+-------+-------+-------+-------+-------+-------++-------
Melee: Hand axe          |    75 |   145 |   187 |       |       |       |       |       ||   407
       Headbutt          |    14 |    33 |    73 |   118 |   145 |   271 |   370 |   303 ||  1327
       Spear             |       |       |   229 |   282 |       |       |       |       ||   511
       Battleaxe         |       |       |       |   293 |   611 |   879 |  1107 |   880 ||  3770
       Executioner's axe |       |       |       |       |       |    16 |       |       ||    16
Invok: Trog's Hand       |       |     3 |     7 |     7 |     2 |     9 |     6 |     6 ||    40
       Berserk           |       |     3 |     8 |     9 |     9 |     9 |     7 |     6 ||    51
       Brothers in Arms  |       |       |       |     1 |       |     1 |     2 |     3 ||     7
 Abil: Evoke Flight      |       |       |       |       |       |       |     3 |       ||     3
  Use: Potion            |       |       |     5 |       |     1 |     5 |       |    10 ||    21
       Scroll            |       |       |       |    20 |    15 |     5 |     8 |    10 ||    58
 Stab: Confused          |       |       |       |       |       |     1 |       |       ||     1
  Eat: Chunk             |     2 |     9 |    16 |    23 |    28 |    25 |    26 |    23 ||   152
       Ration            |       |       |     1 |     1 |     1 |     3 |     2 |     1 ||     9
Armor: Animal skin       |     1 |       |       |       |       |       |       |       ||     1
       Leather armour    |    18 |       |       |       |       |       |       |       ||    18
       Plate armour      |     1 |    83 |   263 |   354 |   426 |   599 |   693 |   501 ||  2920
Dodge: Dodged            |    43 |    53 |   250 |   355 |   588 |   684 |  1041 |  1168 ||  4182

Table legend:
 A = Non-vault XP
 B = Vault XP
 C = Vault XP percentage of total XP
 D = Non-vault monster count
 E = Vault monster count
 F = Vault count percentage of total count
                 A         B        C        D         E       F
            +---------+---------+-------+---------+---------+-------
      Total |  634132 |  408404 |  39.2 |    1286 |     715 |  35.7
            +---------+---------+-------+---------+---------+-------
        D:1 |      49 |       0 |   0.0 |      27 |       0 |   0.0
        D:2 |      24 |       0 |   0.0 |      11 |       0 |   0.0
        D:3 |      88 |       0 |   0.0 |      24 |       0 |   0.0
        D:4 |     209 |     298 |  58.8 |      12 |      14 |  53.8
        D:5 |     288 |     878 |  75.3 |      13 |      62 |  82.7
        D:6 |     592 |     417 |  41.3 |      17 |       2 |  10.5
        D:7 |     891 |       0 |   0.0 |      29 |       0 |   0.0
        D:8 |     849 |    1706 |  66.8 |      15 |      29 |  65.9
        D:9 |    1054 |    2265 |  68.2 |      12 |       1 |   7.7
       D:10 |    3600 |       0 |   0.0 |      29 |       0 |   0.0
       D:11 |    4407 |    2854 |  39.3 |      44 |      11 |  20.0
       D:12 |    3259 |       0 |   0.0 |      22 |       0 |   0.0
       D:13 |    5122 |    3730 |  42.1 |      24 |       7 |  22.6
       D:14 |    6185 |       0 |   0.0 |      31 |       0 |   0.0
       D:15 |    4701 |    1902 |  28.8 |      15 |       2 |  11.8
     Lair:1 |    2406 |       0 |   0.0 |      13 |       0 |   0.0
     Lair:2 |    4410 |       0 |   0.0 |      15 |       0 |   0.0
     Lair:3 |    3393 |       0 |   0.0 |      15 |       0 |   0.0
     Lair:4 |    6902 |    9495 |  57.9 |      25 |      67 |  72.8
    Swamp:1 |    9343 |    1662 |  15.1 |      27 |       1 |   3.6
    Swamp:2 |    8384 |       0 |   0.0 |      19 |       0 |   0.0
    Swamp:3 |   11878 |       0 |   0.0 |      34 |       0 |   0.0
    Swamp:4 |   18806 |   16243 |  46.3 |      34 |      23 |  40.4
    Snake:1 |    4366 |    2213 |  33.6 |       8 |       1 |  11.1
    Snake:2 |   21968 |    5154 |  19.0 |      39 |       8 |  17.0
    Snake:3 |   13592 |    1869 |  12.1 |      27 |       4 |  12.9
    Snake:4 |   35752 |   29888 |  45.5 |      64 |      65 |  50.4
      Orc:1 |    3940 |       0 |   0.0 |      36 |       0 |   0.0
      Orc:2 |    3321 |   16074 |  82.9 |      29 |      42 |  59.2
   Vaults:1 |   10754 |   31948 |  74.8 |      18 |      49 |  73.1
   Vaults:2 |   34763 |   41616 |  54.5 |      58 |      49 |  45.8
   Vaults:3 |   42282 |   40793 |  49.1 |      67 |      41 |  38.0
   Vaults:4 |   18423 |   28047 |  60.4 |      37 |      38 |  50.7
   Depths:1 |   53405 |    3485 |   6.1 |      61 |       4 |   6.2
   Depths:2 |   39425 |    6460 |  14.1 |      63 |      12 |  16.0
   Depths:3 |   37971 |   31119 |  45.0 |      54 |      33 |  37.9
   Depths:4 |    1339 |   68330 |  98.1 |       2 |      53 |  96.4
   Depths:5 |   73185 |   51949 |  41.5 |      72 |      31 |  30.1
    Abyss:5 |   22830 |       0 |   0.0 |      34 |       0 |   0.0
      Zig:1 |    1620 |       0 |   0.0 |       2 |       0 |   0.0
      Zig:2 |    3660 |       0 |   0.0 |       3 |       0 |   0.0
      Zig:3 |    7691 |       0 |   0.0 |       3 |       0 |   0.0
      Zig:4 |    7141 |       0 |   0.0 |       6 |       0 |   0.0
      Zig:5 |    4531 |       0 |   0.0 |       8 |       0 |   0.0
      Zig:6 |    5712 |       0 |   0.0 |       7 |       0 |   0.0
      Zig:7 |   10269 |       0 |   0.0 |       7 |       0 |   0.0
      Zig:8 |    8014 |       0 |   0.0 |      10 |       0 |   0.0
      Zig:9 |   16630 |       0 |   0.0 |      15 |       0 |   0.0
     Zig:10 |   13984 |       0 |   0.0 |      19 |       0 |   0.0
     Zig:11 |   26147 |       0 |   0.0 |      16 |       0 |   0.0
     Zig:12 |   14577 |       0 |   0.0 |      14 |       0 |   0.0
     Bailey |       0 |     349 | 100.0 |       0 |      34 | 100.0
      IceCv |       0 |    5041 | 100.0 |       0 |      24 | 100.0
    Volcano |       0 |    2619 | 100.0 |       0 |       8 | 100.0
            +---------+---------+-------+---------+---------+-------
